TOP OF THE 1ST |
Balboa Buccaneers batting - Pitching for Lévis Rocks : RHP Jim Unknown
|
Pitching: RHP Jim Unknown
|
|
Batting: RHB William Hull
|
0-0: Swinging Strike 0-1: Ball 1-1: Bunted foul 1-2: Foul Ball, location: 2F 1-2: Foul Ball, location: 2F 1-2: Ground out 1-3 (Groundball, 25)
|
Batting: RHB Thomas Morris
|
0-0: Called Strike 0-1: Ball 1-1: Ball 2-1: Ball 3-1: Ground out 1-3 (Groundball, 15S)
|
Batting: RHB Tom Tracy
|
0-0: Swinging Strike 0-1: SINGLE (Flyball, 8LS)
|
Batting: LHB Bellchyor Lebrim
|
0-0: Ball Tom Tracy is caught stealing 2nd base
|
Top of the 1st over - 0 run(s), 1 hit(s), 0 error(s), 0 left on base; Balboa 0 - Lévis 0 |
BOTTOM OF THE 1ST |
Lévis Rocks batting - Pitching for Balboa Buccaneers : RHP Dan Pope
|
Pitching: RHP Dan Pope
|
|
Batting: RHB Jim Unknown
|
0-0: Ball 1-0: Called Strike 1-1: Foul Ball, location: 2F 1-2: Strikes out swinging
|
Batting: RHB Bernardo Burgos
|
0-0: Ball 1-0: Foul Ball, location: 2F 1-1: Fly out, F7 (Flyball, 7LM)
|
Batting: RHB Jim Unknown
|
0-0: Foul Ball, location: 2F 0-1: Ball 1-1: Ball 2-1: Ball 3-1: Foul Ball, location: 2F 3-2: Base on Balls
|
Batting: RHB Ernie McPherson
|
0-0: Called Strike 0-1: Swinging Strike 0-2: Foul Ball, location: 2F 0-2: Fly out, F8 (Flyball, 8LM)
|
Bottom of the 1st over - 0 run(s), 0 hit(s), 0 error(s), 1 left on base; Balboa 0 - Lévis 0 |
TOP OF THE 2ND |
Balboa Buccaneers batting - Pitching for Lévis Rocks : RHP Jim Unknown
|
Batting: LHB Bellchyor Lebrim
|
0-0: Swinging Strike 0-1: Ball 1-1: Swinging Strike 1-2: Foul Ball, location: 2F 1-2: Ball 2-2: Strikes out swinging
|
Batting: RHB César Garza
|
0-0: Called Strike 0-1: Ball 1-1: Ball 2-1: Called Strike 2-2: Strikes out looking
|
Batting: RHB Louie McNeil
|
0-0: Called Strike 0-1: SINGLE (Flyball, 78S)
|
Batting: LHB Dudley Duncan
|
0-0: Ball 1-0: Called Strike 1-1: Called Strike 1-2: Fly out, F7 (Flyball, 78M)
|
Top of the 2nd over - 0 run(s), 1 hit(s), 0 error(s), 1 left on base; Balboa 0 - Lévis 0 |
BOTTOM OF THE 2ND |
Lévis Rocks batting - Pitching for Balboa Buccaneers : RHP Dan Pope
|
Batting: SHB Jim Unknown
|
0-0: Fly out, F9 (Line Drive, 9M)
|
Batting: LHB Jim Unknown
|
0-0: Ball 1-0: Ball 2-0: Ball 3-0: Called Strike 3-1: Fly out, F9 (Flyball, 9LM)
|
Batting: SHB Monte Adams
|
0-0: Ground out 6-3 (Groundball, 6M)
|
Bottom of the 2nd over - 0 run(s), 0 hit(s), 0 error(s), 0 left on base; Balboa 0 - Lévis 0 |
TOP OF THE 3RD |
Balboa Buccaneers batting - Pitching for Lévis Rocks : RHP Jim Unknown
|
Batting: RHB Aaron Holder
|
0-0: Swinging Strike 0-1: Called Strike 0-2: Foul Ball, location: 2F 0-2: Strikes out looking
|
Batting: RHB Matt Nelson
|
0-0: Ball 1-0: Ball 2-0: Ball 3-0: Called Strike 3-1: Fly out, F8 (Flyball, 8RXD)
|
Batting: RHB William Hull
|
0-0: Called Strike 0-1: Foul Ball, location: 2F 0-2: Ball 1-2: Ball 2-2: Ball 3-2: Foul Ball, location: 2F 3-2: Ground out 6-3 (Groundball, 6M)
|
Top of the 3rd over - 0 run(s), 0 hit(s), 0 error(s), 0 left on base; Balboa 0 - Lévis 0 |
BOTTOM OF THE 3RD |
Lévis Rocks batting - Pitching for Balboa Buccaneers : RHP Dan Pope
|
Batting: LHB Jim Unknown
|
0-0: Called Strike Single, Error in OF, E9, batter to second base
|
Batting: RHB Jim Unknown
|
0-0: Ground out 1-3 (Groundball, 15)
|
Batting: RHB Jim Unknown
|
0-0: Called Strike 0-1: Ball 1-1: Ground out 6-3 (Groundball, 6)
|
Batting: RHB Bernardo Burgos
|
0-0: Ground out 4-3 (Groundball, 4M)
|
Bottom of the 3rd over - 0 run(s), 1 hit(s), 1 error(s), 1 left on base; Balboa 0 - Lévis 0 |
TOP OF THE 4TH |
Balboa Buccaneers batting - Pitching for Lévis Rocks : RHP Jim Unknown
|
Batting: RHB Thomas Morris
|
0-0: Fly out, F9 (Flyball, 9LM)
|
Batting: RHB Tom Tracy
|
0-0: SINGLE (Line Drive, 56D)
|
Batting: LHB Bellchyor Lebrim
|
0-0: Ball 1-0: Ball 2-0: Called Strike 2-1: Foul Ball, location: 2F 2-2: Fielders Choice at 2nd, 6-4 (Groundball, 6)
|
Batting: RHB César Garza
|
0-0: Called Strike 0-1: Ball 1-1: Foul Ball, location: 2F 1-2: Foul Ball, location: 2F 1-2: Foul Ball, location: 2F 1-2: Ball 2-2: Foul Ball, location: 2F 2-2: Fly out, F9 (Flyball, 9M)
|
Top of the 4th over - 0 run(s), 1 hit(s), 0 error(s), 1 left on base; Balboa 0 - Lévis 0 |
BOTTOM OF THE 4TH |
Lévis Rocks batting - Pitching for Balboa Buccaneers : RHP Dan Pope
|
Batting: RHB Jim Unknown
|
0-0: Called Strike 0-1: Ball 1-1: Called Strike 1-2: Ball 2-2: Foul Ball, location: 2F 2-2: Foul Ball, location: 2F 2-2: Reached on error, E5 (Groundball, 56)
|
Batting: RHB Ernie McPherson
|
0-0: Called Strike 0-1: Swinging Strike 0-2: Ground out 6-3 (Groundball, 6M) Jim Unknown to third
|
Batting: SHB Jim Unknown
|
0-0: Called Strike 0-1: Called Strike 0-2: Ball 1-2: Ground out 5-3 (Groundball, 5L)
|
Batting: LHB Jim Unknown
|
0-0: Ball 1-0: Ball 2-0: SINGLE (Line Drive, 89S) Jim Unknown scores
|
Batting: SHB Monte Adams
|
0-0: Swinging Strike 0-1: Called Strike 0-2: Ball 1-2: Ball 2-2: Ball 3-2: Foul Ball, location: 2F 3-2: Base on Balls Jim Unknown to second
|
Batting: LHB Jim Unknown
|
0-0: Called Strike 0-1: Ball 1-1: Ball 2-1: Foul Ball, location: 2F 2-2: Ground out 6-3 (Groundball, 6)
|
Bottom of the 4th over - 1 run(s), 1 hit(s), 1 error(s), 2 left on base; Balboa 0 - Lévis 1 |
TOP OF THE 5TH |
Balboa Buccaneers batting - Pitching for Lévis Rocks : RHP Jim Unknown
|
Batting: RHB Louie McNeil
|
0-0: Called Strike 0-1: Ball 1-1: Ball 2-1: SINGLE (Line Drive, 89S)
|
Batting: LHB Dudley Duncan
|
0-0: Called Strike 0-1: Foul Ball, location: 2F 0-2: Strikes out looking
|
Batting: RHB Aaron Holder
|
0-0: Swinging Strike 0-1: Ball 1-1: Ball 2-1: Grounds into double play, 6-4-3 (Groundball, 6)
|
Top of the 5th over - 0 run(s), 1 hit(s), 0 error(s), 0 left on base; Balboa 0 - Lévis 1 |
BOTTOM OF THE 5TH |
Lévis Rocks batting - Pitching for Balboa Buccaneers : RHP Dan Pope
|
Batting: RHB Jim Unknown
|
0-0: SINGLE (Groundball, 5S) (infield hit)
|
Batting: RHB Jim Unknown
|
0-0: Called Strike 0-1: Ball 1-1: Grounds into double play, 5-4-3 (Groundball, 5L)
|
Batting: RHB Bernardo Burgos
|
0-0: Called Strike 0-1: Ball 1-1: Called Strike 1-2: Strikes out swinging
|
Bottom of the 5th over - 0 run(s), 1 hit(s), 0 error(s), 0 left on base; Balboa 0 - Lévis 1 |
TOP OF THE 6TH |
Balboa Buccaneers batting - Pitching for Lévis Rocks : RHP Jim Unknown
|
Batting: RHB Matt Nelson
|
0-0: Foul Ball, location: 2F 0-1: Foul Ball, location: 2F 0-2: Ball 1-2: Strikes out swinging
|
Batting: RHB William Hull
|
0-0: Called Strike 0-1: Ball 1-1: Ball 2-1: Foul Ball, location: 2F 2-2: Ball 3-2: Base on Balls
|
Batting: RHB Thomas Morris
|
0-0: Foul Ball, location: 2F 0-1: Ball 1-1: Ball 2-1: SINGLE (Popup, 8LS) William Hull to second Runner from 2nd tries for 3rd, SAFE, no throw or cutoff
|
Batting: RHB Tom Tracy
|
0-0: SINGLE (Line Drive, 56) William Hull scores Thomas Morris to second
|
Batting: LHB Bellchyor Lebrim
|
0-0: Ball 1-0: Called Strike 1-1: Foul Ball, location: 2F 1-2: Foul Ball, location: 2F 1-2: Ball 2-2: Foul Ball, location: 2F 2-2: Strikes out swinging
|
Batting: RHB César Garza
|
0-0: Ball 1-0: Ball 2-0: Ball 3-0: Called Strike 3-1: Foul Ball, location: 2F 3-2: Ground out 6-3 (Groundball, 6)
|
Top of the 6th over - 1 run(s), 2 hit(s), 0 error(s), 2 left on base; Balboa 1 - Lévis 1 |
BOTTOM OF THE 6TH |
Lévis Rocks batting - Pitching for Balboa Buccaneers : RHP Dan Pope
|
Batting: RHB Jim Unknown
|
0-0: SOLO HOME RUN (Flyball, 7D), Distance : 380 ft
|
Batting: RHB Ernie McPherson
|
0-0: SINGLE (Groundball, 6M)
|
Batting: SHB Jim Unknown
|
0-0: Ball 1-0: Ball 2-0: Ball 3-0: Called Strike 3-1: Foul Ball, location: 2F 3-2: Foul Ball, location: 2F 3-2: Foul Ball, location: 2F 3-2: Foul Ball, location: 2F 3-2: SINGLE (Line Drive, 78S) Ernie McPherson to second
|
Batting: LHB Jim Unknown
|
0-0: Swinging Strike 0-1: Called Strike 0-2: Strikes out swinging
|
Batting: SHB Monte Adams
|
0-0: Called Strike 0-1: Ball 1-1: Swinging Strike 1-2: Fielders Choice at 2nd, 1-6 (Groundball, 13S) Ernie McPherson to third
|
Batting: LHB Jim Unknown
|
0-0: Foul Ball, location: 2F 0-1: Swinging Strike 0-2: Strikes out swinging
|
Bottom of the 6th over - 1 run(s), 3 hit(s), 0 error(s), 2 left on base; Balboa 1 - Lévis 2 |
TOP OF THE 7TH |
Balboa Buccaneers batting - Pitching for Lévis Rocks : RHP Jim Unknown
|
Batting: RHB Louie McNeil
|
0-0: Fly out, F3 (Popup, 3S)
|
Batting: LHB Dudley Duncan
|
0-0: Swinging Strike 0-1: Swinging Strike 0-2: Foul Ball, location: 2F 0-2: Ball 1-2: Strikes out swinging
|
Batting: RHB Aaron Holder
|
0-0: Ball 1-0: Ground out 1-3 (Groundball, 13S)
|
Top of the 7th over - 0 run(s), 0 hit(s), 0 error(s), 0 left on base; Balboa 1 - Lévis 2 |
BOTTOM OF THE 7TH |
Lévis Rocks batting - Pitching for Balboa Buccaneers : RHP Dan Pope
|
Batting: RHB Jim Unknown
|
0-0: Swinging Strike 0-1: Called Strike 0-2: Ball 1-2: Ball 2-2: Strikes out looking
|
Batting: RHB Jim Unknown
|
0-0: Ground out 2-3 (Groundball, 2R)
|
Batting: RHB Bernardo Burgos
|
0-0: Fly out, F8 (Flyball, 8LXD)
|
Bottom of the 7th over - 0 run(s), 0 hit(s), 0 error(s), 0 left on base; Balboa 1 - Lévis 2 |
TOP OF THE 8TH |
Balboa Buccaneers batting - Pitching for Lévis Rocks : RHP Jim Unknown
|
Batting: RHB Matt Nelson
|
0-0: Ball 1-0: Ball 2-0: Ball 3-0: Called Strike 3-1: Base on Balls
|
Batting: RHB William Hull
|
0-0: Called Strike 0-1: Ball 1-1: Ball 2-1: Fly out, F8 (Flyball, 8LM)
|
Pitching: RHP Jim Unknown
|
|
Batting: RHB Thomas Morris
|
0-0: Fielders Choice at 2nd, 1-6 (Groundball, 13)
|
Batting: RHB Tom Tracy
|
0-0: Swinging Strike 0-1: Ball 1-1: Ball 2-1: Ball 3-1: SINGLE (Flyball, 78S) Thomas Morris to second
|
Batting: LHB Bellchyor Lebrim
|
0-0: Ball 1-0: Ground out 4-3 (Groundball, 4)
|
Top of the 8th over - 0 run(s), 1 hit(s), 0 error(s), 2 left on base; Balboa 1 - Lévis 2 |
BOTTOM OF THE 8TH |
Lévis Rocks batting - Pitching for Balboa Buccaneers : RHP Dan Pope
|
Batting: RHB Jim Unknown
|
0-0: Ball 1-0: Called Strike 1-1: DOUBLE (Flyball, 78XD)
|
Batting: RHB Ernie McPherson
|
0-0: Intentional Walk
|
Batting: SHB Jim Unknown
|
0-0: Ball 1-0: Called Strike 1-1: Swinging Strike 1-2: Strikes out looking
|
Batting: LHB Jim Unknown
|
0-0: Called Strike 0-1: SINGLE (Line Drive, 8LS) Jim Unknown to third Ernie McPherson to second
|
Pinch Hitting: RHB Jim Unknown
|
0-0: Ball 1-0: Foul Ball, location: 2F 1-1: Grounds into double play, 6-4-3 (Groundball, 6)
|
Bottom of the 8th over - 0 run(s), 2 hit(s), 0 error(s), 2 left on base; Balboa 1 - Lévis 2 |
TOP OF THE 9TH |
Balboa Buccaneers batting - Pitching for Lévis Rocks : RHP Jim Unknown
|
Now in RF: Jim Unknown
|
|
Batting: RHB César Garza
|
0-0: Foul Ball, location: 2F 0-1: Ball 1-1: Swinging Strike 1-2: Ball 2-2: Strikes out swinging
|
Pinch Hitting: RHB Jeff Bass
|
0-0: Swinging Strike 0-1: Ball 1-1: Foul Ball, location: 2F 1-2: Ball 2-2: Strikes out swinging
|
Batting: LHB Dudley Duncan
|
0-0: Called Strike 0-1: Ball 1-1: SINGLE (Line Drive, 8LS)
|
Pinch Runner at 1st Leonard James:
|
|
Pinch Hitting: SHB Theodore Buck
|
0-0: Foul Ball, location: 2F 0-1: Ball 1-1: Ball 2-1: Foul Ball, location: 2F 2-2: Strikes out swinging
|
Top of the 9th over - 0 run(s), 1 hit(s), 0 error(s), 1 left on base; Balboa 1 - Lévis 2 |
|